 Dungeon Crawl Stone Soup version 0.31-a0-986-g5e6e4ef867 (webtiles) character file.

Game seed: 11865477271769136039

1772 pokeman the Thaumaturge (level 8, -8/44 HPs)
             Began as a Deep Elf Hedge Wizard on Nov 12, 2023.
             Was a Follower of Vehumet.
             Mangled by a boulder beetle (46 damage)
             ... on level 6 of the Dungeon.
             The game lasted 00:12:15 (5014 turns).

pokeman the Thaumaturge (Deep Elf Hedge Wizard)     Turns: 5014, Time: 00:12:16

Health: -8/44      AC:  8    Str:  7    XL:     8   Next: 80%
Magic:  21/24      EV: 18    Int: 22    God:    Vehumet [*.....]
Gold:   80         SH:  0    Dex: 14    Spells: 18/27 levels left

rFire   . . .        P - +2 whip (elec)
rCold   . . .        (no shield)
rNeg    . . .        b - +0 robe
rPois   .            c - +0 hat
rElec   .            G - +0 cloak
rCorr   .            k - +0 pair of gloves
SInv    .            (no boots)
Will    .....        x - amulet of magic regeneration
Stlth   ++           l - +5 ring of evasion
HPRegen 0.27/turn    y - +4 ring of protection
MPRegen 0.59/turn

%: no passive effects
@: studying Axes
A: no striking features
a: Renounce Religion


You were on level 6 of the Dungeon.
You worshipped Vehumet.
Vehumet was aware of your devotion.
You visited 2 branches of the dungeon, and saw 7 of its levels.

You collected 207 gold pieces.
You spent 127 gold pieces at shops.

Inventory:

Hand Weapons
 v - a +2 flail of holy wrath
 P - a +2 whip of electrocution (weapon)
Missiles
 H - 2 throwing nets
Armour
 b - a +0 robe (worn)
 c - a +0 hat (worn)
 g - +0 fire dragon scales
 k - a +0 pair of gloves (worn)
 G - a +0 cloak (worn)
 O - a +2 buckler
Magical Staves
 A - a staff of conjuration
Jewellery
 l - a +5 ring of evasion (left hand)
 x - an amulet of magic regeneration (around neck)
 y - a +4 ring of protection (right hand)
 C - a +6 ring of dexterity
 J - a ring of protection from fire
Wands
 u - a wand of flame (7)
 M - a wand of polymorph (4)
 N - a wand of roots (7)
Scrolls
 e - 4 scrolls of fog {unknown}
 f - a scroll of blinking {unknown}
 h - 2 scrolls of identify {unknown}
 m - 6 scrolls of vulnerability {unknown}
 n - 5 scrolls of teleportation {unknown}
 o - a scroll of brand weapon {unknown}
 p - a scroll of acquirement {unknown}
 q - 5 scrolls of noise
 r - a scroll of enchant weapon {unknown}
 s - 4 scrolls of revelation
 t - 4 scrolls of fear {unknown}
 w - a scroll of torment {unknown}
 B - a scroll of amnesia {unknown}
 D - a scroll of silence {unknown}
Potions
 a - a potion of brilliance {unknown}
 d - 2 potions of magic
 i - 3 potions of curing {unknown}
 j - 2 potions of invisibility {unknown}
 z - a potion of might {unknown}
 E - 2 potions of degeneration {unknown}
 F - a potion of enlightenment {unknown}
 I - a potion of haste {unknown}
 K - 2 potions of attraction {unknown}


   Skills:
 - Level 2.0 Fighting
 + Level 3.0 Armour
 - Level 3.0 Dodging
 - Level 3.1 Stealth
 * Level 10.3 Spellcasting
 + Level 5.4 Conjurations
 - Level 1.1 Summonings
 - Level 1.1 Translocations
 + Level 4.7 Fire Magic
 - Level 1.0 Air Magic
 - Level 1.0 Poison Magic
 - Level 1.0 Evocations


You had 18 spell levels left.
You knew the following spells:

 Your Spells              Type           Power      Damage    Failure   Level
a - Magic Dart            Conj           100%       1d8       1%          1
b - Mephitic Cloud        Conj/Pois/Air  22%        N/A       6%          3
c - Call Imp              Summ           32%        N/A       5%          2
d - Blink                 Tloc           32%        N/A       5%          2
e - Foxfire               Conj/Fire      100%       2x1d9     1%          1

Your spell library contained the following spells:

 Spells                   Type           Power      Damage    Failure   Level
 Sandblast                Erth           22%        2d7       6%          1
 Kiss of Death            Conj/Necr      92%        2d12      1%          1
 Necrotise                Necr           44%        1d6       6%          1
 Slow                     Hex            44%        N/A       6%          1
 Cigotuvi's Dreadful Rot  Necr/Pois/Air  28%        N/A       7%          2
 Summon Guardian Golem    Hex/Summ       13%        N/A       14%         3
 Orb of Destruction       Conj           17%        9d7       99%         7
 Spellforged Servitor     Conj/Summ      12%        N/A       100%        7


Dungeon Overview and Level Annotations

Branches:
Dungeon (6/15)             Temple (1/1) D:4

Altars:
Ashenzari
Cheibriados
Dithmenos
Elyvilon
Fedhas
Gozag
Hepliaklqana
Kikubaaqudgha
Makhleb
Nemelex Xobeh
Okawaru
Qazlal
Ru
Sif Muna
Trog
Uskayaw
Vehumet
Wu Jian
Xom
Yredelemnul
Zin
The Shining One

Shops:
D:5 *

Annotations:
D:4 2 transporters, DoNotCum's ghost, amateur DECj
D:6 Pikel


Message History

Unknown command.
Unknown command.
Found a throwing net.
The boulder beetle curls into a ball and begins rolling!
The lemure misses you.
The lemure is engulfed in noxious fumes.
The lemure appears confused.
The lemure barely misses Pikel.
The lemure attacks as it pursues you! The lemure barely misses you.
Pikel is engulfed in noxious fumes.
The lemure is engulfed in noxious fumes.
The lemure appears confused.
The boulder beetle is engulfed in noxious fumes.
Casting: Mephitic Cloud (dangerous; 6% risk of failure)
Confirm with . or Enter, or press ? or * to list all spells.
Aiming: Mephitic Cloud (dangerous; 6% risk of failure)
Press: ? - help, Shift-Dir - straight line, f/p - boulder beetle
Aim: a boulder beetle (rolling, chance to affect: 43%)
The ball explodes into a vile cloud!
The stinking cloud engulfs Pikel but does no damage.
The stinking cloud engulfs the lemure but does no damage.
The stinking cloud engulfs the boulder beetle but does no damage.
The stinking cloud engulfs the lemure but does no damage.
The stinking cloud engulfs you but does no damage.
You are engulfed in noxious fumes.
The lemure is engulfed in noxious fumes.
The lemure appears confused.
The lemure hits you but does no damage.
Pikel is engulfed in noxious fumes.
Pikel appears confused.
Pikel hits you with a +1 whip of freezing.
Pikel freezes you.
The boulder beetle is engulfed in noxious fumes.
The lemure is engulfed in noxious fumes.
The lemure appears confused.
The lemure closely misses the lemure.
The lemure hits the lemure.
The lemure completely misses itself.
The boulder beetle is engulfed in noxious fumes.
Unknown command.
The lemure is engulfed in noxious fumes.
The lemure appears confused.
Pikel is engulfed in noxious fumes.
Pikel completely misses the lemure.
The boulder beetle hits you!!!
Ouch! That really hurt!
You die...

######### #.°○○...#
#########.☼KB...##
#.........5☼5@...#
#........5#####..#
#.........#~l~#..(##
#......####~.~####.#
#....)....#..~#...##
#.........#####....#
#......B...........#
#...............###
#####.#.........# ##


You could see a boulder beetle (rolling), Pikel (confused), 3 lemures and a
frilled lizard.

Vanquished Creatures
  A wraith (D:5)
  An orc warrior (D:5)
  An ice beast (D:5)
  2 black bears (D:5)
  A centaur (D:5)
  A bullfrog (D:6)
  A gnoll sergeant (D:5)
  3 scorpions
  The ghost of senf the Sneak, a weakling VSBr (D:3)
  3 hounds
  2 quasits (D:3)
  3 jellies
  3 orc priests
  Jessica (D:2)
  Terence (D:2)
  4 orc wizards
  A sleepcap (D:5)
  An iguana (D:3)
  12 gnolls
  9 adders
  2 shadow imps
  A worm (D:4)
  2 dart slugs (D:5)
  20 orcs
  7 endoplasms
  2 giant cockroaches (D:1)
  9 goblins
  5 hobgoblins
  4 jackals (D:5)
  3 kobolds
  3 quokkas
  4 ball pythons
  7 bats
  5 frilled lizards
  5 rats (D:3)
131 creatures vanquished.

Vanquished Creatures (others)
  507 foxfires
507 creatures vanquished.

Grand Total: 638 creatures vanquished

Notes
Turn   | Place    | Note
-------+----------+-------------------------------------------
     0 | D:1      | pokeman the Deep Elf Hedge Wizard began the quest for the
                  | Orb.
     0 | D:1      | Reached XP level 1. HP: 10/10 MP: 7/7
   353 | D:1      | Reached XP level 2. HP: 15/15 MP: 2/9
   733 | D:1      | Got Heofe's Starting the Power of Words
   736 | D:1      | Learned a level 1 spell: Foxfire
   914 | D:1      | Found a faded altar of an unknown god.
  1278 | D:2      | Reached skill level 5 in Spellcasting
  1459 | D:2      | Reached XP level 3. HP: 20/20 MP: 8/11
  1463 | D:2      | Learned a level 3 spell: Mephitic Cloud
  1466 | D:2      | Learned a level 2 spell: Call Imp
  1469 | D:2      | Learned a level 2 spell: Blink
  1528 | D:2      | Noticed Jessica
  1529 | D:2      | Noticed Terence
  1556 | D:2      | Killed Jessica
  1557 | D:2      | Reached skill level 1 in Fighting
  1557 | D:2      | Reached skill level 1 in Armour
  1795 | D:2      | Killed Terence
  1796 | D:2      | Reached XP level 4. HP: 16/25 MP: 4/13
  2659 | D:3      | Found a transporter.
  2663 | D:3      | Noticed senf's ghost (weakling VSBr)
  2683 | D:3      | Found a transporter.
  2705 | D:3      | Reached skill level 6 in Spellcasting
  2705 | D:3      | Reached XP level 5. HP: 29/29 MP: 12/15
  2948 | D:3      | Killed senf's ghost
  3037 | D:3      | Reached skill level 1 in Fire Magic
  3138 | D:4      | Reached skill level 1 in Evocations
  3194 | D:4      | Reached skill level 1 in Poison Magic
  3222 | D:4      | Reached XP level 6. HP: 18/34 MP: 13/17
  3225 | D:4      | Reached skill level 1 in Air Magic
  3466 | D:4      | Reached skill level 7 in Spellcasting
  3606 | D:4      | Found a staircase to the Ecumenical Temple.
  3615 | Temple   | Entered the Ecumenical Temple
  3638 | Temple   | Became a worshipper of Vehumet
  3693 | D:4      | Found a transporter.
  3694 | D:4      | Noticed DoNotCum's ghost (amateur DECj)
  3694 | D:4      | Identified the +2 great mace of Valour {freeze, rF+ rC+}
  3695 | D:4      | Found a transporter.
  3882 | D:5      | Entered Level 5 of the Dungeon
  3945 | D:5      | Found Simniephu's General Store.
  3950 | D:5      | Bought a scroll of noise for 15 gold pieces
  3950 | D:5      | Bought a scroll of revelation for 112 gold pieces
  3973 | D:5      | Reached XP level 7. HP: 39/39 MP: 15/20
  4126 | D:5      | Reached skill level 8 in Spellcasting
  4141 | D:5      | Noticed a wraith
  4206 | D:5      | Killed a wraith
  4207 | D:5      | Reached XP level 8. HP: 35/44 MP: 15/22
  4415 | D:5      | Reached * piety under Vehumet
  4415 | D:5      | Offered knowledge of Sandblast by Vehumet.
  4421 | D:5      | Reached skill level 9 in Spellcasting
  4458 | D:5      | Reached skill level 5 in Conjurations
  4846 | D:6      | Found an iron altar of Okawaru.
  4864 | D:6      | Reached skill level 10 in Spellcasting
  4991 | D:6      | Noticed a boulder beetle
  4997 | D:6      | Noticed Pikel
  5014 | D:6      | Mangled by a boulder beetle

Illustrated notes

Levels and vault maps discovered:
D:1:      pf_arrival_petrified_forest, layout_loops_ring,
          hellmonk_ecumenical_altar_crossroads, serial_forest,
          infiniplex_forest_clump_cross, infiniplex_forest_join,
          infiniplex_forest_clump_C, infiniplex_forest_lined_corner,
          infiniplex_forest_straight_3, infiniplex_forest_lined_2
D:2:      layout_rooms, uniq_terence, uniq_jessica
D:3:      layout_basic, gammafunk_ghost_stat_death, minmay_unequal
D:4:      layout_rooms, minmay_temple_entry_overgrown, gammafunk_ghost_smash
D:5:      minmay_opposing_rooms, layout_cave_pools, serial_shops,
          nicolae_shop_hallway_plus, grunt_ministairs_11,
          minmay_manual_monstrance
D:6:      layout_rooms, okawaru_ov_weapons_minmay, serial_aquarium,
          aquarium_bridge_square [aquarium_subvault_wall,
          aquarium_subvault_wall, aquarium_subvault_bridge,
          aquarium_subvault_window], aquarium_window_1,
          aquarium_window_corridor_1, aquarium_window_fake, aquarium_view_4,
          aquarium_view_2d, aquarium_pool_split, gup_sewer_entry_bowl,
          uniq_pikel
Temple:   regret_index_temple_sigil_plot

Skill      XL: |  1  2  3  4  5  6  7  8 |
---------------+-------------------------+-----
Spellcasting   | 5 6 7 8 10 | 10.3
Fighting       | 1 2 |  2.0
Armour         | 1 2 3 |  3.0
Conjurations   | 2 3 4 5 |  5.4
Dodging        | 3 |  3.0
Stealth        | 3 |  3.1
Fire Magic     | 1 2 3 4 |  4.7
Evocations     | 1 |  1.0
Poison Magic   | 1 |  1.0
Air Magic      | 1 |  1.0
Summonings     | |  1.1
Translocations | |  1.1

Action                     |  1- 3 |  4- 6 |  7- 9 || total
---------------------------+-------+-------+-------++-------
  Melee: Dagger            |    12 |       |       ||    12
         Punch             |     1 |       |       ||     1
         Flail             |       |    13 |     8 ||    21
         Short sword       |       |       |     9 ||     9
   Cast: Magic Dart        |    33 |    31 |       ||    64
         Foxfire           |    34 |   115 |   137 ||   286
         Mephitic Cloud    |     3 |     3 |    11 ||    17
         Call Imp          |     2 |     2 |     1 ||     5
         Blink             |       |     1 |     1 ||     2
 Armour: Robe              |    12 |    55 |    24 ||    91
  Dodge: Dodged            |    22 |   126 |    53 ||   201

Table legend: (Time is in decaauts)
 A = Elapsed time spent in this place.
 B = Non-inter-level travel time spent in this place.
 C = Inter-level travel time spent in this place.
 D = Time resting spent in this place.
 E = Time spent auto-exploring this place.
 F = Levels seen in this place.
 G = Mean time per level.
                   A        B        C        D        E       F      G
               +--------+--------+--------+--------+--------+-----+--------+
         Total |   5026 |   4668 |    358 |    190 |   3501 |   7 |  718.0 |
       Dungeon |   4980 |   4666 |    314 |    190 |   3501 |   6 |  830.0 |
        Temple |     46 |      2 |     44 |      0 |      0 |   1 |   46.0 |
               +--------+--------+--------+--------+--------+-----+--------+

Top non-repeatable levels by time:
     D:1: 1354 daAuts
     D:3: 1087 daAuts
     D:5: 897 daAuts
     D:2: 702 daAuts
     D:4: 701 daAuts
     D:6: 236 daAuts
  Temple: 46 daAuts
